 Dungeon Crawl Stone Soup version 0.10.4 character file.

138 Philleandros the Magician (level 3, 0/22 HPs)
             Began as a Mummy Wizard on Feb 17, 2017.
             Slain by Crazy Yiuf
             ... wielding a +2,+3 quarterstaff of chaos
              (7 damage)
             ... while paralysed by Crazy Yiuf
             ... on Level 2 of the Dungeon.
             The game lasted 00:14:20 (1833 turns).

Philleandros the Magician (Mummy Wizard)            Turns: 1833, Time: 00:14:20

HP   0/22        AC  2     Str 10      XL: 3   Next: 62%
MP   7/9         EV  2     Int 18      God:
Gold 86          SH  0     Dex 10      Spells:  1 memorised,  8 levels left

Res.Fire  : x . .   See Invis. : .   d - +0 spear
Res.Cold  : + . .   Warding    : . . a - +0 robe
Life Prot.: + + +   Conserve   : .   (no shield)
Res.Acid. : . . .   Res.Corr.  : .   b - +0 wizard hat
Res.Poison: +       Clarity    : .   (no cloak)
Res.Elec. : .       Spirit.Shd : .   (no gloves)
Sust.Abil.: . .     Stasis     : .   (no boots)
Res.Mut.  : .       Ctrl.Telep.: .   (no amulet)
Res.Rott. : +       Levitation : .   (no ring)
Saprovore : . . .   Ctrl.Flight: .   (no ring)

@: paralysed, slightly resistant to hostile enchantments, fairly stealthy
A: no food or potions, fire vulnerability, restore body, cold resistance 1, life
protection 3, poison resistance, torment resistance, unbreathing
a: no special abilities


You were on level 2 of the Dungeon.
You were not hungry.

You visited 1 branch of the dungeon, and saw 2 of its levels.

You collected 66 gold pieces.

Inventory:

Hand weapons
 d - a +0,+0 spear (weapon)
 e - a -1,+1 orcish club (quivered)
 f - a +0,+1 orcish dagger
Armour
 a - a +0 robe (worn)
 b - a +0 wizard hat (worn)
 o - a +1 buckler
Scrolls
 g - a scroll of curse jewellery {unknown}
 h - a scroll of recharging {unknown}
 k - a scroll of enchant weapon II {unknown}
 l - a scroll of fog {unknown}
 m - a scroll of identify {unknown}
Potions
 i - a potion of heal wounds {unknown}
 j - a potion of restore abilities {unknown}
 n - 3 potions of curing {unknown}
Books
 c - a book of Minor Magic

   Spells                             Type                      Level
   *Magic Dart                        Conjuration                  1
   Blink                              Translocation                2
   Call Imp                           Summoning                    2
   Repel Missiles                     Charms/Air                   2
   Slow                               Hexes                        2
   Conjure Flame                      Conjuration/Fire             3
   Mephitic Cloud                     Conjuration/Poison/Air       3


   Skills:
 + Level 0.6 Fighting
 + Level 0.1 Polearms
 + Level 2.3 Dodging
 + Level 2.0 Stealth
 + Level 3.8 Spellcasting
 + Level 2.1 Conjurations
 + Level 0.7 Summonings
 + Level 0.7 Translocations


You had 8 spell levels left.
You knew the following spells:

 Your Spells              Type           Power        Failure   Level  Hunger
a - Magic Dart            Conj           ###..        8%          1    N/A

Dungeon Overview and Level Annotations

Branches:
Dungeon (2/27)

Altars:

Annotations
D:2 Crazy Yiuf


Innate Abilities, Weirdness & Mutations

You do not eat or drink.
Your flesh is vulnerable to fire.
Your flesh is cold resistant.
You are immune to negative energy.
Your system is resistant to poisons.
You are immune to unholy pain and torment.
You can survive without breathing.


Message History

Aiming: Magic Dart
Press: ? - help, Shift-Dir - straight line, f - Crazy Yiuf
Aim: Crazy Yiuf, wielding a quarterstaff of chaos and wearing a cloak The magic dart hits Crazy Yiuf.
Crazy Yiuf is lightly wounded.
Casting: Magic Dart
Confirm with . or Enter, or press ? or * to list all spells.
Aiming: Magic Dart
Press: ? - help, Shift-Dir - straight line, f/p - Crazy Yiuf
Aim: Crazy Yiuf, wielding a quarterstaff of chaos and wearing a cloak (lightly wounded)
The magic dart hits Crazy Yiuf.
Crazy Yiuf is lightly wounded.
Crazy Yiuf hits you with a quarterstaff of chaos.
You suddenly lose the ability to move!
Crazy Yiuf hits you with a quarterstaff of chaos.
You convulse.
Crazy Yiuf hits you with a quarterstaff of chaos.
Crazy Yiuf burns you.
Crazy Yiuf hits you with a quarterstaff of chaos!
You die...

###..........#.>#.........
#............# .#.......#.
#.############ ##......#
#.# #......# ##.##♣♣♣
#%###### #..##♣♣♣♣ ♣# ###
#...# #.....♣♣♣♣♣♣#..)#
###.# #......♣♣♣♣g....#
#.# ##....♣.♣.@♣#
###.##### ##....♣.♣♣♣#
#.......# ###♣♣♣♣♣♣♣♣
#.......# #♣♣♣♣♣♣
#.......#
###############........
#...^....#.#..........#
####'#####............#
#..# ###..........# #.##
######.#####


You could see Crazy Yiuf.

Vanquished Creatures
  3 adders (D:2)
  2 bats
  4 giant cockroaches
  2 hobgoblins
  4 kobolds
  A quokka (D:2)
  3 giant newts (D:1)
  3 goblins
  7 rats
  5 fungi (D:2)
34 creatures vanquished.

Vanquished Creatures (others)
  2 toadstools (D:2)
2 creatures vanquished.

Grand Total: 36 creatures vanquished

Notes
Turn   | Place    | Note
--------------------------------------------------------------
     0 | D:1      | Philleandros, the Mummy Wizard, began the quest for the Orb.
     0 | D:1      | Reached XP level 1. HP: 11/11 MP: 5/5
   405 | D:1      | Reached skill level 1 in Conjurations
   593 | D:1      | Reached XP level 2. HP: 17/17 MP: 4/7
  1156 | D:2      | Reached XP level 3. HP: 22/22 MP: 6/9
  1824 | D:2      | Noticed Crazy Yiuf
  1830 | D:2      | Paralysed by Crazy Yiuf for 5 turns
  1833 | D:2      | Slain by Crazy Yiuf
